 Dungeon Crawl Stone Soup version 0.29.1-15-g9cfb28693d (webtiles) character file.

Game seed: 12546014421336219179

147 Gabide the Trooper (level 5, -3/57 HPs)
             Began as an Ogre Monk on Mar 3, 2023.
             Killed by divine providence
             ... invoked by an orc priest
              (15 damage)
             ... on level 3 of the Dungeon.
             The game lasted 00:04:56 (2232 turns).

Gabide the Trooper (Ogre Monk)                      Turns: 2232, Time: 00:04:57

Health: -3/57      AC:  3    Str: 17    XL:     5   Next: 29%
Magic:  5/5        EV: 11    Int: 11    God:
Gold:   84         SH:  5    Dex: 16    Spells: 4/4 levels left

rFire   . . .      SeeInvis .   b - +4 hand axe of Incongruity {venom, *Noise rElec Dex+5 Stlth+}
rCold   . . .      Faith    .   (no shield)
rNeg    . . .      Spirit   .   p - +0 robe
rPois   .          Reflect  +   (helmet restricted)
rElec   +          Harm     .   (no cloak)
rCorr   .          Rampage  .   (gloves unavailable)
Will    .....                   (boots unavailable)
Stlth   +++.......              f - amulet of reflection
HPRegen 0.19/turn               (no ring)
MPRegen 0.09/turn               (no ring)

@: unable to read
A: large, unfitting armour, tough skin 1, mutation resistance 1, inability to
read after injury 1
a: no special abilities


You were on level 3 of the Dungeon.
You visited 1 branch of the dungeon, and saw 3 of its levels.

You collected 84 gold pieces.

Inventory:

Hand Weapons
 a - a +0 spear
 b - the +4 hand axe of Incongruity (weapon) {venom, *Noise rElec Dex+5 Stlth+}
   (You found it on level 2 of the Dungeon)

   It poisons the flesh of those it strikes.
   Dex:       It affects your dexterity (+5).
   rElec:     It insulates you from electricity.
   *Noise:    It may make noises in combat.
   Stlth:     It makes you more stealthy.
Armour
 k - an orb of wrath
 p - a +0 robe (worn)
Jewellery
 f - an amulet of reflection (around neck)
Potions
 e - a potion of attraction {unknown}
 i - 3 potions of flight
 j - a potion of curing
 l - a potion of brilliance {unknown}
 m - a potion of invisibility {unknown}
 n - a potion of mutation


   Skills:
 + Level 5.5 Fighting
 + Level 4.1 Polearms
 + Level 3.7 Dodging
 - Level 1.4 Stealth


You had 4 spell levels left.
You didn't know any spells.
Your spell library contained the following spells:

 Spells                   Type           Power      Damage    Failure   Level
 Poisonous Vapours        Pois/Air       0%         N/A       47%         2
 Corpse Rot               Necr/Pois/Air  0%         N/A       98%         4


Dungeon Overview and Level Annotations

Branches:
Dungeon (3/15)

Altars:
Nemelex Xobeh
Sif Muna


Innate Abilities, Weirdness & Mutations

You are too large for most types of armour.
You have tough skin. (AC +1)
You are somewhat resistant to further mutation.
You occasionally lose the ability to read scrolls when taking damage.


Message History

Pain shoots through your body!
* * * LOW HITPOINT WARNING * * *
Items here: ! $ ) †.
Unknown command.
It was a potion of mutation.
You feel extremely strange.
You feel genetically stable.
You occasionally lose the ability to read scrolls when taking damage.
The orc priest misses you.
Unknown command.
Unknown command.
You completely miss the orc priest.
The orc priest is lightly wounded.
You closely miss the orc priest.
The orc priest calls down the wrath of Beogh upon you.
Beogh smites you!
You feel threatened and lose the ability to read scrolls!
* * * LOW HITPOINT WARNING * * *
The orc priest hits you but does no damage.
You feel better.
You feel less invigorated. The orc priest hits you with a +0 mace.
* * * LOW HITPOINT WARNING * * *
The orc priest completely misses you.
Unknown command.
You closely miss the orc priest.
The orc priest is lightly wounded.
You hit the orc priest.
The orc priest is poisoned.
You block the orc priest's attack.
An iguana comes into view.
The orc priest hits you with a +0 club.
* * * LOW HITPOINT WARNING * * *
The iguana hisses angrily.
You slash the orc priest!
The orc priest is poisoned.
Your hand axe of Incongruity parrots the noises around you.
The orc priest is severely wounded.
You closely miss the orc priest.
The orc priest calls upon Beogh to heal the orc priest.
The orc priest is healed somewhat.
The orc priest invokes the aid of Beogh against you.
Beogh smites you!
You die...

.......... ###.#......
#.........# #.........#
#.........# #.........#
#....))...# .
#....oo..##...
#####....@........
..................
###.....†.......
#..........#..
#........### .
####.....###. #...l.##..
#.?...##.##########
######.....##....o......


You could see an iguana and 2 orc priests.

Vanquished Creatures
  2 orc wizards (D:3)
  2 adders
  8 orcs (D:3)
  4 bats
  5 endoplasms
  3 giant cockroaches
  12 goblins
  4 hobgoblins
  3 quokkas
  11 ball pythons
  12 frilled lizards
  2 kobolds (D:1)
  A rat (D:2)
69 creatures vanquished.

Vanquished Creatures (others)
  9 plants (D:3)
9 creatures vanquished.

Grand Total: 78 creatures vanquished

Notes
Turn   | Place    | Note
-------+----------+-------------------------------------------
     0 | D:1      | Gabide the Ogre Monk began the quest for the Orb.
     0 | D:1      | Reached XP level 1. HP: 24/24 MP: 1/1
   131 | D:1      | Reached XP level 2. HP: 32/32 MP: 2/2
   713 | D:1      | Reached XP level 3. HP: 30/40 MP: 3/3
   933 | D:2      | Found a shimmering blue altar of Sif Muna.
  1023 | D:2      | Identified the +4 hand axe of Incongruity {venom, *Noise
                  | rElec Dex+5 Stlth+}
  1357 | D:2      | Reached XP level 4. HP: 36/49 MP: 4/4
  1573 | D:2      | Reached skill level 5 in Fighting
  1946 | D:3      | Found a sparkling altar of Nemelex Xobeh.
  1990 | D:3      | Found a faded altar of an unknown god.
  2002 | D:3      | Reached XP level 5. HP: 49/57 MP: 5/5
  2228 | D:3      | Gained mutation: You are somewhat resistant to further
                  | mutation. [potion of mutation]
  2228 | D:3      | Gained mutation: You occasionally lose the ability to read
                  | scrolls when taking damage. [potion of mutation]
  2229 | D:3      | HP: 1/57 [orc priest/divine providence (16)]
  2232 | D:3      | Killed from afar by an orc priest

Illustrated notes

Levels and vault maps discovered:
D:1:      dpeg_arrival_signposts, layout_basic
D:2:      layout_basic, basic_altar, minmay_goblin_outpost
D:3:      layout_basic, nemelex_altar_shiori,
          shapermc_ecumenical_altar_mp_ritualfount, minmay_lizard_king

Skill      XL: |  1  2  3  4 |
---------------+-------------+-----
Dodging        | 3 |  3.7
Fighting       | 5 |  5.5
Polearms       | 4 |  4.1
Stealth        | |  1.4

Action                   |  1- 3 |  4- 6 || total
-------------------------+-------+-------++-------
Melee: Spear             |    90 |    59 ||   149
       Hand axe          |     5 |    20 ||    25
       Punch             |       |     2 ||     2
  Use: Scroll            |       |     6 ||     6
       Potion            |       |     3 ||     3
 Stab: Sleeping          |     7 |     1 ||     8
       Distracted        |     1 |       ||     1
Armor: Robe              |    22 |    16 ||    38
Dodge: Dodged            |    37 |    28 ||    65
Block: Other             |    15 |    13 ||    28
       Reflection        |     2 |       ||     2
